 Dungeon Crawl Stone Soup version 0.31.0-10-gcf4a605ca0 (webtiles) character file.

Game seed: 8043656626347071417

44 jestert79 the Poker (level 3, -3/27 HPs)
             Began as a Demonspawn Reaver on Jan 25, 2024.
             Slain by Natasha (5 damage)
             ... on level 2 of the Dungeon.
             The game lasted 00:01:27 (1001 turns).

jestert79 the Poker (Demonspawn Reaver)             Turns: 1001, Time: 00:01:28

Health: -3/27      AC:  3    Str: 12    XL:     3   Next: 41%
Magic:  6/6        EV: 11    Int: 15    God:
Gold:   49         SH:  0    Dex: 11    Spells: 5/6 levels left

rFire   . . .        a - +0 spear
rCold   . . .        (no shield)
rNeg    . . .        b - +0 leather armour
rPois   .            (no helmet)
rElec   .            (no cloak)
rCorr   .            (no gloves)
SInv    .            (no boots)
Will    .....        (no amulet)
Stlth   +            (no ring)
HPRegen 0.24/turn    (no ring)
MPRegen 0.10/turn

%: no passive effects
@: no status effects
A: weakness stinger 1
a: no special abilities


You were on level 2 of the Dungeon.
You visited 1 branch of the dungeon, and saw 2 of its levels.

You collected 49 gold pieces.

Inventory:

Hand Weapons
 a - a +0 spear (weapon)
Armour
 b - a +0 leather armour (worn)
 h - a scarf of shadows
Scrolls
 c - a scroll of silence {unknown}
 d - a scroll of poison {unknown}
 e - a scroll of fog {unknown}
 g - 2 scrolls of identify {unknown}
 i - 2 scrolls of enchant armour {unknown}
Potions
 f - 2 potions of invisibility {unknown}


   Skills:
 - Level 2.0 Fighting
 + Level 4.1 Polearms
 - Level 1.7 Dodging
 - Level 2.0 Spellcasting
 - Level 3.0 Conjurations


You had 5 spell levels left.
You knew the following spells:

 Your Spells              Type           Power      Damage    Failure   Level
a - Kiss of Death         Conj/Necr      24%        2d7       16%         1

Your spell library contained the following spells:

 Spells                   Type           Power      Damage    Failure   Level
 Momentum Strike          Conj/Tloc      12%        3d8       22%         2
 Jinxbite                 Hex            2%         N/A       38%         2
 Hailstorm                Conj/Ice       6%         3d5       41%         3
 Yara's Violent Unravell  Hex/Alch       0%         3d3       100%        5
 Enfeeble                 Hex            0%         N/A       100%        7


Dungeon Overview and Level Annotations

Branches:
Dungeon (2/15)

Altars:

Annotations:
D:2 Natasha


Innate Abilities, Weirdness & Mutations

You have a small tail.


Message History

You see here a rat corpse.
You start resting.
HP restored.
You see here a rat corpse.
There is a stone staircase leading down here.
You climb downwards.
There is a stone staircase leading up here.
Things that are here:
a +0 club; an adder corpse
Found a dagger.
You see here a +0 dagger.
You see here a +0 dagger.
i - 2 scrolls labelled TUPUGODGHIU (gained 1) Natasha, Servant of Life and Death comes into view.
Natasha hisses angrily.
Natasha is nearby!
Natasha is nearby!
Natasha is nearby!
You aren't carrying any items that you can evoke.
You closely miss Natasha.
You tail-slap Natasha, but do no damage.
Natasha claws you.
You hit Natasha but do no damage. Natasha claws you.
You closely miss Natasha. You closely miss Natasha. You tail-slap Natasha.
Natasha is lightly wounded.
Natasha claws you!
You hit Natasha but do no damage.
Natasha is lightly wounded.
Natasha claws you.
* * * LOW HITPOINT WARNING * * *
You closely miss Natasha. You punch Natasha.
Natasha is moderately wounded.
Natasha claws you.
* * * LOW HITPOINT WARNING * * *
You hit Natasha but do no damage.
Natasha is moderately wounded.
Natasha claws you.
You die...
Natasha begins licking her fur clean.

.#. . ## ... .##
..##.# ... #.##.#
#.# #.##.# #.#####
#.##.# ##......
######.##.####..h#
...............@.#
#######....####...#
.........### ##.##
########.# #.#
##### #.# #.#
##...# #.# #.#
.'...###.# #.#
##...#...#######.#
######........# .#


You could see Natasha.

Vanquished Creatures
  2 adders (D:2)
  A dart slug (D:1)
  A ball python (D:1)
  An endoplasm (D:1)
  3 goblins
  3 hobgoblins
  A kobold (D:1)
  A quokka (D:1)
  5 bats (D:1)
  2 frilled lizards
  6 rats
26 creatures vanquished.

Notes
Turn   | Place    | Note
-------+----------+-------------------------------------------
     0 | D:1      | jestert79 the Demonspawn Reaver began the quest for the
                  | Orb.
     0 | D:1      | Reached XP level 1. HP: 16/16 MP: 3/3
    70 | D:1      | Reached skill level 3 in Polearms
   149 | D:1      | Gained mutation: You have a small tail. [demonic ancestry]
   149 | D:1      | Reached XP level 2. HP: 20/22 MP: 5/5
   710 | D:2      | Reached XP level 3. HP: 21/27 MP: 6/6
   829 | D:2      | Reached skill level 4 in Polearms
   992 | D:2      | Noticed Natasha
  1001 | D:2      | Slain by Natasha

Illustrated notes

Levels and vault maps discovered:
D:1:      heliophobic_arrival_ceremonial_halls, layout_basic
D:2:      layout_loops_ring, basic_altar, grunt_decor_junction,
          eino_tiny_chamber, uniq_sigmund, uniq_robin, uniq_natasha

Skill      XL: |  1  2  3 |
---------------+----------+-----
Polearms       | 3 4 |  4.1
Fighting       | |  2.0
Dodging        | |  1.7
Spellcasting   | |  2.0
Conjurations   | |  3.0

Action                     || total
---------------------------++-------
  Melee: Spear             ||   105
         Tailslap          ||     5
         Punch             ||     1
  Throw: Throwing net      ||     1
   Stab: Sleeping          ||     1
 Armour: Leather armour    ||    45
  Dodge: Dodged            ||    37
